 Dungeon Crawl Stone Soup version 0.29-a0-824-gd827844252 (webtiles) character file.

Game seed: 1910605717215952364

24213 ejfbekj the Unseen (level 12, -7/61 HPs)
             Began as a Spriggan Enchanter on July 9, 2022.
             Was an Elder of Dithmenos.
             Mangled by Rupert
             ... wielding a +3 vorpal triple sword
              (11 damage)
             ... on level 14 of the Dungeon.
             The game lasted 00:33:38 (16208 turns).

ejfbekj the Unseen (Spriggan Enchanter)            Turns: 16208, Time: 00:33:39

Health: -7/61      AC: 14    Str:  8    XL:     12   Next: 78%
Magic:  7/29       EV: 23    Int: 17    God:    Dithmenos [****..]
Gold:   1042       SH:  0    Dex: 16    Spells: 21/36 levels left

rFire   . . .      SeeInvis +   f - +5 dagger
rCold   + . .      Faith    .   (no shield)
rNeg    . . .      Spirit   .   u - +3 steam dragon scales
rPois   +          Reflect  .   (helmet restricted)
rElec   .          Harm     .   i - +1 cloak
rCorr   .          Rampage  .   (gloves unavailable)
Will    ++...                   (boots unavailable)
Stlth   +++++++++.              (no amulet)
HPRegen 0.20/turn               K - ring of protection from cold
MPRegen 0.21/turn               s - +4 ring of protection

@: about to teleport, wreathed by umbra, very quick
A: very small, no large weapons, unfitting armour, see invisible, speed 3,
poison resistance
a: Renounce Religion, Shadow Step


You were on level 14 of the Dungeon.
You worshipped Dithmenos.
Dithmenos was greatly pleased with you.
You visited 2 branches of the dungeon, and saw 15 of its levels.

You collected 1042 gold pieces.

Inventory:

Hand Weapons
 a - a +1 dagger
 f - a +5 dagger (weapon)
 E - a +2 dagger of venom
 I - a +4 dagger
Missiles
 j - 51 poisoned darts (quivered)
 D - 6 curare-tipped darts
 M - 4 atropa-tipped darts
Armour
 i - a +1 cloak (worn)
 u - +3 steam dragon scales (worn)
 x - a +0 robe of cold resistance
 y - the +1 robe of the Quahog {Fly Will+}
   (You found it on level 7 of the Dungeon)

   Fly:       It grants you flight.
   Will:      It increases your willpower.
Jewellery
 e - a ring of ice
 s - a +4 ring of protection (right hand)
 F - a ring of wizardry
 K - a ring of protection from cold (left hand)
Wands
 r - a wand of iceblast (12)
 w - a wand of flame (14)
 z - a wand of digging (10)
 C - a wand of charming (5)
 L - a wand of polymorph (5)
Scrolls
 b - 2 scrolls of blinking
 k - 3 scrolls of vulnerability
 l - 2 scrolls of teleportation
 q - a scroll of amnesia
 H - a scroll of fear
 J - a scroll of immolation
 N - a scroll of fog
Potions
 d - 4 potions of curing
 g - 3 potions of ambrosia
 h - a potion of resistance {unknown}
 m - a potion of haste
 n - 5 potions of flight
 o - 2 potions of mutation
 p - 2 potions of degeneration {unknown}
 t - 4 potions of heal wounds
 v - 2 potions of brilliance
 A - 2 potions of might
Miscellaneous
 B - a lightning rod (4/4)
 G - a phial of floods (inert)


   Skills:
 + Level 6.3 Fighting
 + Level 8.3 Short Blades
 + Level 10.2 Dodging
 + Level 15.2 Stealth
 + Level 12.8 Spellcasting
 + Level 12.9 Hexes


You had 21 spell levels left.
You knew the following spells:

 Your Spells              Type           Power      Damage    Failure   Level
a - Ensorcelled Hibernat  Hex/Ice        64%        N/A       1%          2
b - Tukima's Dance        Hex            53%        N/A       1%          3
c - Dazzling Flash        Conj/Hex       64%        N/A       1%          3
d - Confusing Touch       Hex            53%        N/A       1%          3
e - Summon Guardian Gole  Hex/Summ       32%        N/A       1%          3
f - Apportation           Tloc           20%        N/A       6%          1

Your spell library contained the following spells:

 Spells                   Type           Power      Damage    Failure   Level
 Necrotise                Necr           40%        1d6       6%          1
 Sting                    Tmut/Pois      40%        1d5       6%          1
 Summon Small Mammal      Summ           40%        N/A       6%          1
 Passwall                 Tmut/Erth      8%         N/A       10%         2
 Poisonous Vapours        Pois/Air       20%        N/A       10%         2
 Static Discharge         Conj/Air       10%        3-5/arc   10%         2
 Swiftness                Air            10%        N/A       19%         3
 Vampiric Draining        Necr           10%        2d6       19%         3
 Olgreb's Toxic Radiance  Pois           10%        N/A       54%         4
 Summon Lightning Spire   Summ/Air       10%        N/A       54%         4
 Agony                    Necr           10%        N/A       87%         5
 Dragon's Call            Summ           5%         N/A       100%        9


Dungeon Overview and Level Annotations

Branches:
Dungeon (14/15)            Temple (1/1) D:7            Lair (0/6) D:8
    Orc (0/2) D:12
 Vaults: D:13-14

Altars:
Ashenzari
Dithmenos
Gozag
Qazlal
Sif Muna
Xom
Yredelemnul
The Shining One

Shops:
D:9 *

Annotations:
D:14 Rupert


Innate Abilities, Weirdness & Mutations

You are very small and have problems with some larger weapons.
You are too small for most types of armour.
You have supernaturally acute eyesight. (SInv)
You cover ground extremely quickly. (Speed+++)
Your system is resistant to poisons. (rPois)


Message History

Casting: Tukima's Dance (safe; 1% risk of failure)
Confirm with . or Enter, or press ? or * to list all spells.
Aiming: Tukima's Dance (safe; 1% risk of failure)
Press: ? - help, Shift-Dir - straight line, f/p - Rupert
Aim: Rupert, wielding a +3 vorpal triple sword and wearing a +0 chain mail (berserk, umbra, chance to affect: 11%) Rupert resists with almost no effort.
Rupert completely misses you.
Unknown command.
Rupert hits you with a +3 vorpal triple sword!!
Ouch! That really hurt!
* * * LOW HITPOINT WARNING * * *
You emit a cloud of dark smoke.
* * * LOW HITPOINT WARNING * * *
You hear a shout!
A centaur comes into view.
A centaur comes into view.
The centaur shouts!
You feel much better.
The centaur shouts!
The centaur wields a +0 shortbow.
The centaur shoots an arrow.
The arrow completely misses you.
The centaur wields a +0 shortbow.
The centaur shoots an arrow.
The arrow completely misses you.
The arrow hits Rupert!
The centaur shoots an arrow.
The arrow closely misses you.
The arrow hits Rupert.
Unknown command.
The centaur shoots an arrow.
The arrow hits you!
A centaur warrior comes into view.
The centaur unwields a +0 shortbow.
The centaur completely misses you.
The centaur kicks you but does no damage.
Unknown command.
Unknown command.
The centaur shoots an arrow.
The arrow hits you!
As you read the scroll of teleportation, it crumbles to dust.
You feel strangely unstable.
The centaur warrior wields a +0 shortbow.
The centaur warrior shoots an arrow.
The arrow hits you!!
* * * LOW HITPOINT WARNING * * *
The centaur shoots an arrow.
The arrow completely misses you.
The arrow barely misses Rupert.
Rupert hits you with a +3 vorpal triple sword!
You die...

#......................
#.........<...#)####..
##.....#.....##.###...
###.##########.#.....
#c# #####.#.##..
###.### #.......##..
#...c.# #...........
#.....####......###..
#...@cc......#...#.[.
#...@.######....<..).
#.....####...........
#####..##...##.#.....
#..#######.#.##..
#....### #.#.#...
##.#...###)#....#
#.###...........
##.#####ยง#.#..###


You could see Rupert (berserk), a centaur warrior and 3 centaurs.

Vanquished Creatures
  A hydra (D:14)
  2 two-headed ogres
  5 centaur warriors
  A tengu warrior (D:14)
  Urug (D:13)
  A deep elf pyromancer (D:13)
  An orc knight (D:12)
  2 cyclopes
  Maurice (D:8)
  2 gargoyles
  A kobold demonologist (D:11)
  A tengu conjurer (D:14)
  A freezing wraith (D:14)
  5 trolls
  3 hornets
  9 slime creatures (D:12)
  3 shadows
  A centaur simulacrum (D:14)
  3 wraiths
  11 yaks
  4 steam dragons
  8 vampire mosquitoes
  A water moccasin (D:7)
  An acid dragon (D:10)
  A dancing weapon (D:4)
  9 orc warriors
  2 ice beasts
  2 black bears
  4 ogres
  2 sky beasts (D:7)
  14 centaurs
  2 phantoms
  5 kobold brigands
  A gnoll sergeant (D:11)
  A bullfrog (D:7)
  3 scorpions
  8 wights
  11 killer bees
  An oklob sapling (D:7)
  2 howler monkeys
  6 hounds
  A gnoll bouda (D:5)
  7 orc priests
  5 iguanas
  2 jellies (D:6)
  Jessica (D:2)
  8 orc wizards
  Robin (D:2)
  3 gnolls (D:5)
  5 adders
  3 shadow imps
  5 white imps
  4 ufetubi
  A worm (D:2)
  4 dart slugs
  39 orcs
  2 bats
  9 endoplasms
  7 giant cockroaches
  5 hobgoblins
  9 jackals
  2 quokkas
  11 ball pythons
  A frilled lizard (D:2)
  15 goblins
  15 kobolds
  3 rats (D:1)
311 creatures vanquished.

Vanquished Creatures (collateral kills)
  A two-headed ogre (D:10)
  2 orc warriors
  A phantom (D:7)
  6 wights
  2 orc priests
  4 gnolls
  An orc (D:9)
  2 kobolds (D:11)
19 creatures vanquished.

Vanquished Creatures (others)
  A centaur warrior (D:13)
  11 dancing weapons
  A sky beast (D:7)
  A centaur (D:13)
  5 plants (D:7)
19 creatures vanquished.

Grand Total: 349 creatures vanquished

Notes
Turn   | Place    | Note
-------+----------+-------------------------------------------
     0 | D:1      | ejfbekj the Spriggan Enchanter began the quest for the Orb.
     0 | D:1      | Reached XP level 1. HP: 9/9 MP: 5/5
   173 | D:1      | Reached XP level 2. HP: 13/13 MP: 7/7
   176 | D:1      | Learned a level 2 spell: Ensorcelled Hibernation
   227 | D:1      | Found a faded altar of an unknown god.
  1023 | D:1      | Reached XP level 3. HP: 13/16 MP: 9/9
  1039 | D:1      | Learned a level 3 spell: Tukima's Dance
  1043 | D:1      | Learned a level 3 spell: Confusing Touch
  1540 | D:2      | Noticed Robin
  1548 | D:2      | Killed Robin
  1733 | D:2      | You fall into a shaft and drop 1 floor!
  1776 | D:2      | Reached XP level 4. HP: 20/21 MP: 11/11
  1864 | D:2      | Reached skill level 5 in Hexes
  1893 | D:2      | Learned a level 3 spell: Dazzling Flash
  1896 | D:2      | Noticed Jessica
  1911 | D:2      | Killed Jessica
  2226 | D:2      | Found a shimmering altar of Xom.
  2643 | D:3      | Reached XP level 5. HP: 24/24 MP: 10/13
  2692 | D:3      | Reached skill level 5 in Spellcasting
  3103 | D:4      | Noticed an ogre
  3138 | D:4      | Killed an ogre
  3324 | D:4      | Noticed a phantom
  3327 | D:4      | Reached XP level 6. HP: 27/28 MP: 12/15
  3342 | D:4      | Reached skill level 5 in Stealth
  3669 | D:4      | Found a glowing golden altar of the Shining One.
  3977 | D:5      | Entered Level 5 of the Dungeon
  4002 | D:5      | Reached skill level 6 in Stealth
  4002 | D:5      | Reached XP level 7. HP: 32/32 MP: 14/17
  4555 | D:5      | Reached skill level 7 in Stealth
  5272 | D:6      | Noticed a steam dragon
  5275 | D:6      | Killed a steam dragon
  5276 | D:6      | Reached skill level 8 in Stealth
  5276 | D:6      | Reached XP level 8. HP: 36/36 MP: 20/20
  5671 | D:6      | Reached skill level 9 in Stealth
  5948 | D:7      | Found a staircase to the Ecumenical Temple.
  6422 | D:7      | Identified the +1 robe of the Quahog {Fly Will+}
  6472 | Temple   | Entered the Ecumenical Temple
  6592 | Temple   | Became a worshipper of Dithmenos the Shadowed
  6636 | D:7      | Reached skill level 10 in Stealth
  6646 | D:7      | Reached XP level 9. HP: 39/39 MP: 20/23
  7295 | D:7      | Reached skill level 1 in Fighting
  7628 | D:7      | Reached * piety under Dithmenos
  7647 | D:7      | Reached skill level 10 in Hexes
  7693 | D:7      | Reached skill level 11 in Stealth
  7904 | D:7      | Identified the +5 sling "Spider's Bane" {flame, rF+}
  8025 | D:7      | Reached skill level 5 in Dodging
  8122 | D:8      | Reached skill level 10 in Spellcasting
  8429 | D:8      | Reached XP level 10. HP: 47/47 MP: 25/25
  8519 | D:8      | Noticed Maurice
  8540 | D:8      | Killed Maurice
  8767 | D:8      | Found a staircase to the Lair.
  8846 | D:8      | Got the Octavo of the Called Nimbus
  8851 | D:8      | Learned a level 3 spell: Summon Guardian Golem
  8853 | D:8      | Learned a level 1 spell: Apportation
  9723 | D:8      | Reached ** piety under Dithmenos
  9729 | D:8      | Reached skill level 12 in Stealth
 10000 | D:9      | Found Kunup's Gadget Gallery.
 10166 | D:10     | Entered Level 10 of the Dungeon
 10168 | D:10     | Reached skill level 5 in Short Blades
 10798 | D:10     | Noticed a two-headed ogre
 10808 | D:10     | Killed a two-headed ogre
 10809 | D:10     | Reached XP level 11. HP: 29/53 MP: 5/26
 11007 | D:10     | Noticed a two-headed ogre
 11457 | D:10     | Killed a two-headed ogre
 11658 | D:11     | Reached skill level 13 in Stealth
 11669 | D:11     | Reached *** piety under Dithmenos
 11925 | D:11     | Noticed a two-headed ogre
 11934 | D:11     | Killed a two-headed ogre
 11958 | D:11     | Gained mutation: Your system is resistant to poisons.
                  | (rPois) [potion of mutation]
 12638 | D:12     | Reached skill level 5 in Fighting
 13084 | D:12     | Found a staircase to the Orcish Mines.
 13084 | D:12     | Noticed an orc knight
 13090 | D:12     | Killed an orc knight
 13094 | D:12     | Reached **** piety under Dithmenos
 13122 | D:12     | Reached skill level 14 in Stealth
 13641 | D:12     | Reached XP level 12. HP: 43/60 MP: 23/28
 13740 | D:13     | Noticed Urug
 13757 | D:13     | Killed Urug
 13915 | D:13     | Noticed a centaur warrior
 13923 | D:13     | Killed a centaur warrior
 14031 | D:13     | Noticed a centaur warrior
 14040 | D:13     | Killed a centaur warrior
 14238 | D:13     | Noticed a centaur warrior
 14258 | D:13     | Killed a centaur warrior
 14599 | D:13     | Noticed a centaur warrior
 14606 | D:13     | Killed a centaur warrior
 14724 | D:14     | Noticed a centaur warrior
 14725 | D:14     | Noticed a centaur warrior
 14728 | D:14     | Noticed a tengu warrior
 14736 | D:14     | Killed a centaur warrior
 14739 | D:14     | Killed a tengu warrior
 14754 | D:14     | Killed a centaur warrior
 14755 | D:14     | Reached skill level 10 in Dodging
 14781 | D:14     | Reached skill level 15 in Stealth
 14940 | D:14     | Noticed an eight-headed hydra
 14973 | D:14     | Killed an eight-headed hydra
 15393 | D:14     | Noticed an eight-headed hydra
 15828 | D:14     | Noticed Rupert
 16206 | D:14     | Noticed a centaur warrior
 16208 | D:14     | Mangled by Rupert

Illustrated notes

Levels and vault maps discovered:
D:1:      spicycebolla_arrival_clurvy, layout_basic,
          shapermc_ecumenical_altar_hornbeckon
D:2:      layout_loops_ring, basic_altar, uniq_jessica, uniq_robin
D:3:      layout_basic, hangedman_decor_push
D:4:      layout_rooms, tso_altar
D:5:      nicolae_cairo_tiling_large_dashed, layout_loops_cross
D:6:      layout_loops_ring
D:7:      minmay_bubble_buster, layout_basic, minmay_temple_entry_oklob,
          hellmonk_bongcloud_opening
D:8:      layout_loops_corners, lair_entry_dummy,
          minmay_fractal_squares_gapless_5, uniq_maurice
D:9:      layout_cross, minmay_misc_feat_ornament, nicolae_shop_gadgets
D:10:     layout_cave_pools, grunt_decor_mini_mirrors, minmay_splitting_lines,
          minmay_circle_x
D:11:     layout_cave_pools, chequers_mini_garden
D:12:     layout_basic, david_orc_5
D:13:     layout_small_grid, minivault_11, uniq_urug
D:14:     layout_rooms, grunt_vaults_entry_tiered, hex_tiny, uniq_rupert
Temple:   roderic_octagonal_lattice_temple

Skill      XL: |  1  2  3  4  5  6  7  8  9 10 11 12 |
---------------+-------------------------------------+-----
Spellcasting   | 3 4 5 6 7 9 10 11 12 | 12.8
Hexes          | 4 5 6 8 9 10 11 12 | 12.9
Stealth        | 6 8 10 11 12 14 15 | 15.2
Dodging        | 5 7 8 10 | 10.2
Fighting       | 2 4 5 6 |  6.3
Short Blades   | 3 5 7 8 |  8.3

Action                   |  1- 3 |  4- 6 |  7- 9 | 10-12 || total
-------------------------+-------+-------+-------+-------++-------
Melee: Dagger            |   141 |   106 |   243 |   416 ||   906
       Punch             |     1 |       |     4 |     4 ||     9
 Cast: Ensorcelled Hiber |     8 |    10 |    50 |   101 ||   169
       Confusing Touch   |       |     3 |    10 |    24 ||    37
       Tukima's Dance    |       |     3 |    15 |    46 ||    64
Evoke: Wand              |       |       |     3 |     8 ||    11
       Lightning rod     |       |       |       |     2 ||     2
       Phial of floods   |       |       |       |     1 ||     1
  Use: Scroll            |     3 |     2 |     5 |    18 ||    28
       Potion            |       |       |     1 |     7 ||     8
 Stab: Sleeping          |    18 |    17 |    43 |    73 ||   151
       Confused          |       |     3 |     8 |    25 ||    36
       Distracted        |       |       |     2 |     3 ||     5
       Invisible         |       |       |       |    12 ||    12
Armor: Robe              |    15 |    13 |    13 |       ||    41
       Steam dragon scal |       |       |    48 |    96 ||   144
Dodge: Dodged            |    99 |    66 |   172 |   548 ||   885

Table legend: (Time is in decaauts)
 A = Elapsed time spent in this place.
 B = Non-inter-level travel time spent in this place.
 C = Inter-level travel time spent in this place.
 D = Time resting spent in this place.
 E = Time spent auto-exploring this place.
 F = Levels seen in this place.
 G = Mean time per level.
                   A        B        C        D        E       F      G
               +--------+--------+--------+--------+--------+-----+--------+
         Total |  12881 |  12567 |    314 |   2525 |   7686 |  15 |  858.7 |
       Dungeon |  12791 |  12487 |    304 |   2525 |   7615 |  14 |  913.6 |
        Temple |     89 |     79 |     10 |      0 |     70 |   1 |   89.0 |
               +--------+--------+--------+--------+--------+-----+--------+

Top non-repeatable levels by time:
    D:13: 1586 daAuts
     D:7: 1363 daAuts
     D:8: 1158 daAuts
     D:1: 1149 daAuts
     D:6: 1112 daAuts
     D:9: 913 daAuts
     D:4: 878 daAuts
    D:11: 830 daAuts
    D:10: 765 daAuts
     D:2: 750 daAuts
     D:5: 704 daAuts
    D:12: 684 daAuts
    D:14: 538 daAuts
     D:3: 356 daAuts
  Temple: 89 daAuts
